Description

Against protoss add more marauders vs terran, focus on viking tank

Build Order

Get SALT Encoding   

  12  0:00  SCV  
  14  0:16  Supply Depot  
  16  0:38  Barracks  
  16  0:42  Refinery  
  19  1:25  Orbital Command, Barracks Reactor  
  19  1:38  Command Center  
  19  1:39  Supply Depot  
  21  2:12  Bunker, Marine x2  
  26  2:22  Barracks x2  
  33  3:10  Barracks Tech Lab x2  
  38  3:29  Stimpack, Combat Shield  
  63  4:30  Refinery x2, Factory  
  67  4:44  Engineering Bay x2  
  72  4:50  Barracks x2  
  74  5:16  Refinery, Factory Reactor, Starport  Swap this onto starport
  85  5:54  Factory Tech Lab  reactor instead if need widow mines
Spawning Tool Build Advisor. Get it on Overwolf

Go to:

Details

  • Created by: ChannelMiner
  • Published on: Oct 08, 2024
  • Modified on: Oct 08, 2024
  • Patch: 5.0.11
  • Difficulty: Easy
Show
View Real Time Build Order
Export as new Build Order

Comments (0)

There are no comments. Be the first!

Create an account to comment!